 Dungeon Crawl Stone Soup version 0.16.1-51-g6203257 (webtiles) character file.

191474 hannobal the Devastator (level 18, -19/107 HPs)
             Began as a Tengu Air Elementalist on July 30, 2015.
             Was the Champion of Vehumet.
             Killed from afar by Nikola (43 damage)
             ... with a chain lightning
             ... on level 1 of the Snake Pit on Aug 4, 2015.
             The game lasted 06:53:17 (61659 turns).

hannobal the Devastator (Tengu Air Elementalist)   Turns: 61659, Time: 06:53:17

Health: -19/107    AC: 21    Str: 10    XL:     18   Next: 20%
Magic:  12/39      EV: 28    Int: 21    God:    Vehumet [******]
Gold:   753        SH:  8    Dex: 21    Spells: 10 memorised, 6 levels left

rFire  . . .     SeeInvis .     b - staff of energy {@w1}
rCold  . . .     Clarity  .     M - +2 robe {Archmagi}
rNeg   . . .     SustAb   .     Q - +0 buckler
rPois  +         Gourm    .     F - +1 hat
rElec  .         Spirit   .     h - +2 cloak
rCorr  .         Warding  .     G - +2 pair of gloves {Dex+3}
rMut   .         Stasis   .     (boots unavailable)
MR     +....                    R - amulet of regeneration
Stlth  ++........               g - ring of poison resistance
                                B - ring of Robustness {AC+8}

@: flying quickly and evasively, repel missiles, quick, somewhat resistant to
hostile enchantments, unstealthy
A: able to fly continuously, beak, talons 3, large bone plates 1, agile 1
a: Stop Flying, Renounce Religion
}: 1/15 runes: decaying


You were on level 1 of the Snake Pit.
You worshipped Vehumet.
Vehumet was exalted by your worship.
You were not hungry.

You visited 6 branches of the dungeon, and saw 34 of its levels.
You also visited: Labyrinth, Ossuary and Ice Cave.

You collected 3730 gold pieces.
You spent 2977 gold pieces at shops.

Inventory:

Hand weapons
 a - the +5 captain's cutlass {speed}
   (You found it on level 4 of the Dungeon)

   Attacks with this weapon are significantly faster.
 f - a +0 scimitar of flaming
 w - the +0 dagger of Tortfeasance {drain, rPois rF++ Str+3}
   (You bought it in a shop on level 4 of the Dungeon)

   A truly terrible weapon, it drains the life of those it strikes.
   It affects your strength (+3).
   It greatly protects you from fire.
   It protects you from poison.
 W - the +4 blowgun "Concordance" {speed, MR++}
   (You bought it in a shop on level 4 of the Orcish Mines)

   Attacks with this weapon are significantly faster.
   It affects your resistance to hostile enchantments.
Missiles
 u - 4 javelins (quivered)
 P - 8 curare-tipped needles
Armour
 h - a +2 cloak (worn)
 F - a +1 hat (worn)
 G - a +2 pair of gloves of dexterity (worn)
 M - a +2 robe of the Archmagi (worn)
 Q - a +0 buckler (worn)
Magical staves
 b - an uncursed staff of energy (weapon) {@w1}
Jewellery
 c - a cursed ring of protection from magic
 g - a ring of poison resistance (right hand)
 n - the ring "Psumm" {rC+ Int+5 Dex-4 Stlth-}
   (You found it on level 7 of the Lair of Beasts)

   [ring of loudness]

   It affects your intelligence (+5).
   It affects your dexterity (-4).
   It protects you from cold.
   It makes you less stealthy.
 p - an uncursed amulet of warding
 s - an uncursed ring of see invisible
 z - an uncursed ring of sustain abilities
 B - the ring of Robustness (left hand) {AC+8}
   (You found it on level 8 of the Lair of Beasts)

   [ring of protection]

   It affects your AC (+8).
 D - an uncursed ring of protection from fire
 I - an uncursed amulet of resist corrosion
 R - an amulet of regeneration (around neck)
Magical devices
 k - a wand of enslavement (12)
 v - a wand of digging (3)
 K - a wand of teleportation (5)
 T - a wand of disintegration (12)
Scrolls
 i - 12 scrolls of identify
 m - 6 scrolls of recharging
 r - a scroll of remove curse
 t - a scroll of summoning
 x - 9 scrolls of teleportation
 A - a scroll of fear
 U - a scroll of blinking
 Y - 5 scrolls of magic mapping
Potions
 d - a potion of might
 e - 2 potions of magic
 l - 4 potions of haste
 q - 12 potions of curing
 E - 3 potions of heal wounds
 L - 4 potions of cancellation
 X - 4 potions of agility
Miscellaneous
 j - a legendary deck of summoning {Water, drawn: 1}
 y - a stone of tremors
 C - a fan of gales
 S - a lantern of shadows
Comestibles
 o - 13 meat rations {@e2}
 H - 5 poisonous chunks of flesh {@w0}
 V - 8 bread rations {@e1}


   Skills:
 - Level 10.0 Fighting
 + Level 11.5(13.5) Short Blades
 - Level 11.8(13.6) Long Blades
 - Level 1.4 Throwing
 - Level 12.1 Dodging
 - Level 2.0 Stealth
 - Level 5.0 Shields
 - Level 14.3 Spellcasting
 - Level 15.0 Conjurations
 - Level 1.1 Hexes
 - Level 1.0 Charms
 - Level 2.1 Fire Magic
 - Level 12.7 Ice Magic
 - Level 11.0 Air Magic
   Level 1.2 Poison Magic
 - Level 5.0 Evocations


You had 6 spell levels left.
You knew the following spells:

 Your Spells              Type           Power        Failure   Level  Hunger
a - Shock                 Conj/Air       ####         1%          1    None
b - Bolt of Cold          Conj/Ice       #######...   1%          6    None
c - Delayed Fireball      Conj/Fire      N/A          45%         7    None
e - Fireball              Conj/Fire      ######....   1%          5    None
f - Freezing Cloud        Conj/Ice/Air   #######...   1%          6    None
l - Lightning Bolt        Conj/Air       #######...   1%          5    None
m - Repel Missiles        Chrm/Air       ######       1%          2    None
o - Orb of Destruction    Conj           #######...   2%          7    None
s - Swiftness             Chrm/Air       ######..     1%          2    None
z - Dazzling Spray        Conj/Hex       ######..     1%          3    None


Dungeon Overview and Level Annotations

Branches:
Dungeon (15/15)            Temple (1/1) D:5            Lair (8/8) D:9
  Swamp (5/5) Lair:5        Snake (1/5) Lair:6        Slime (0/6) Lair:6
    Orc (4/4) D:9             Elf (0/3) Orc:4        Vaults (0/5) D:14
 Depths (0/5) D:15

Altars:
Ashenzari
Cheibriados
Dithmenos
Elyvilon
Fedhas
Gozag
Kikubaaqudgha
Makhleb
Nemelex Xobeh
Okawaru
Qazlal
Ru
Sif Muna
Trog
Vehumet
Xom
Yredelemnul
Zin
The Shining One

Shops:
D:4 %}((}   D:5 =[   Orc:1 !   Orc:4 *![(

Annotations:
D:1 stuff, glass wall
Snake:1 exclusion: Roxanne, Nikola, Roxanne


Innate Abilities, Weirdness & Mutations

You can fly continuously.
You have a beak for a mouth.
You have claws for feet.
You are partially covered in large bone plates (AC +2, SH +2).
You are agile. (Dex +2)


Message History

You feel a surge of power!
The orb of destruction hits Nikola.
Nikola is severely wounded.
Nikola gestures wildly while chanting.
You hear a mighty clap of thunder!
The lightning arc hits you!
The lightning arc hits Nikola.
The lightning arc hits you!
The lightning arc hits Nikola.
The lightning arc hits you!
* * * LOW HITPOINT WARNING * * *
You hear an angry hiss.
Casting: Orb of Destruction
Confirm with . or Enter, or press ? or * to list all spells.
Aiming: Orb of Destruction
Press: ? - help, Shift-Dir - straight line, f/p - Nikola
Aim: Nikola, wielding a rapier of electrocution, wearing a cloak and wearing a pair of gloves (magical condensation, severely wounded)
You feel a surge of power!
Nikola gestures wildly while chanting.
You hear a mighty clap of thunder!
The lightning arc hits you!
You die...

######..##########....#...#......
#..# ##......###.....
######.########## ##....## ##...#
.........#......## ##...#####..##
..........#....#.## ##....##...##
..#...............###).....#...#§
################..##..##.(#...!#§
##......).##......#§
###########..@...)...##<....##
###........>#...§......###....##
##.....(......#.)*§>..)## #.....#
#....(....#...#...@....## #...#..
.)..########.......)....###...##.
...## ##............##...### .###
###........#.##...### .#
##...#..##.##...... .#
#...###....###..#..


You could see Nikola.

Vanquished Creatures
  Saint Roka (Swamp:5)
  Frances (D:15)
  2 thorn hunters
  An azure jelly (Swamp:5)
  Donald (Swamp:1)
  A frost giant (IceCv)
  Aizul (Snake:1)
  A ghoul (D:15)
  A very ugly thing (Swamp:3)
  An ironheart preserver (D:14)
  Azrael (Snake:1)
  A dire elephant (D:15)
  The ghost of kae the Executioner, a powerful HOFi of Beogh (Lair:7)
  Snorg (Lair:8)
  The ghost of Vojta the Digger, a powerful FoEE of Makhleb (D:15)
  An ettin (Orc:4)
  Josephine (Orc:4)
  A minotaur (Lab)
  3 ice dragons (Swamp:5)
  A ghost crab (Swamp:2)
  A naga warrior (Snake:1)
  15 hydras
  An anaconda (Snake:1)
  Erica (Lair:5)
  The ghost of poirepourri the Blocker, an experienced DDFi of Okawaru (D:12)
  2 ogre magi (Orc:4)
  4 centaur warriors
  5 alligators
  4 death yaks
  3 naga sharpshooters (Snake:1)
  Urug (D:11)
  An orc high priest (Orc:4)
  Nergalle (Orc:2)
  Erolcha (D:11)
  2 deep trolls (Orc:4)
  2 spriggan druids
  A swamp dragon (Swamp:2)
  A wizard (D:14)
  2 shambling mangroves
  An unseen horror (D:10)
  2 naga ritualists (Snake:1)
  A necromancer (D:14)
  12 hill giants
  A wolf spider zombie (D:15)
  3 hornets
  5 orc knights
  A wolf spider (Lair:4)
  An orc sorcerer (Swamp:4)
  2 ugly things
  4 griffons
  3 manticores
  A mana viper (Snake:1)
  A guardian serpent (Snake:1)
  18 black mambas
  18 elephants
  7 cyclopes
  Joseph (D:9)
  A torpor snail (Lair:7)
  3 centaur skeletons
  5 gargoyles
  33 spiny frogs
  A naga mage (D:15)
  14 komodo dragons
  4 freezing wraiths
  9 fire drakes
  17 polar bears
  10 trolls
  7 bog bodies
  7 giant leeches
  A jumping spider (Lair:4)
  12 two-headed ogres
  5 baby alligators
  2 hornet zombies (D:15)
  9 ravens
  2 boulder beetles
  46 blink frogs
  16 slime creatures
  6 basilisks
  A deep elf mage (D:12)
  A shadow (Swamp:3)
  2 redbacks (Lair:4)
  4 spriggans
  A trapdoor spider (D:11)
  65 yaks
  3 wyverns
  A steam dragon (D:11)
  7 hippogriffs
  3 wraiths
  5 insubstantial wisps
  5 fire elementals (Snake:1)
  A hungry ghost (D:6)
  6 swamp worm simulacra (Swamp:5)
  Edmund (D:7)
  Menkaure (D:5)
  3 wargs
  19 vampire mosquitoes
  29 swamp worms
  2 hell hounds (Snake:1)
  14 hydra simulacra (Swamp:5)
  14 wolves (IceCv)
  8 nagas
  11 porcupines
  4 sky beasts
  2 wasps
  37 water moccasins
  2 black bears
  5 phantoms
  A spider (Lair:4)
  A necrophage (D:10)
  25 ogres
  9 swamp drakes
  3 ice beasts
  19 centaurs
  A tengu (shapeshifter) (D:15)
  25 orc warriors
  3 eyes of draining
  Duvessa (D:7)
  4 boring beetles
  11 crocodiles
  3 big kobolds
  Blork the orc (D:5)
  49 giant frogs
  9 killer bees
  2 scorpions
  A wyvern skeleton (D:10)
  6 wights
  A giant frog zombie (D:6)
  Dowan (D:7)
  5 electric eels
  2 goliath beetles
  A wasp zombie (D:10)
  12 crimson imps
  13 hounds
  29 orc wizards
  10 centaur zombies
  4 jellies
  15 orc priests
  11 iguanas
  2 giant frog skeletons
  10 sheep
  9 worker ants
  Jessica (D:3)
  4 hound zombies
  11 mummies
  A worker ant zombie (D:10)
  27 adders
  A gnoll (D:1)
  81 river rats
  4 shadow imps
  2 giant mites
  4 worms
  2 swamp drake simulacra (Swamp:5)
  2 adder skeletons (D:6)
  An adder zombie (D:5)
  5 giant geckos
  3 oozes
  160 orcs
  A bat skeleton (D:5)
  4 giant cockroaches
  20 goblins
  18 hobgoblins
  4 jackals
  10 quokkas
  2 ball pythons (D:2)
  23 bats
  7 giant newts
  3 giant spores
  2 gnoll zombies (Ossuary)
  A goblin zombie (D:7)
  2 hobgoblin zombies
  22 kobolds
  2 kobold zombies (Ossuary)
  3 orc zombies (Ossuary)
  18 rats
  7 ballistomycetes
  4 bushes
  2 butterflies
  18 fungi
  28 plants
1430 creatures vanquished.

Vanquished Creatures (others)
  An orc sorcerer (Swamp:5)
  A warg (Swamp:5)
  6 wolves (IceCv)
  An ogre (Swamp:5)
  A giant frog (Swamp:5)
  An orc priest (Swamp:5)
  A giant frog skeleton (D:7)
  3 orcs (Swamp:5)
  A quokka (D:7)
  3 giant spores
  3 ballistomycetes (D:9)
  6 bushes (Lair:8)
  55 fungi
  89 plants
172 creatures vanquished.

Grand Total: 1602 creatures vanquished

Notes
Turn   | Place    | Note
--------------------------------------------------------------
     0 | D:1      | hannobal, the Tengu Air Elementalist, began the quest for the Orb.
     0 | D:1      | Reached XP level 1. HP: 10/10 MP: 3/3
   192 | D:1      | Reached XP level 2. HP: 4/15 MP: 0/5
   199 | D:1      | Learned a level 2 spell: Swiftness
   587 | D:1      | Learned a level 2 spell: Repel Missiles
   941 | D:1      | Reached skill level 1 in Charms
  1479 | D:2      | Reached XP level 3. HP: 19/19 MP: 5/7
  2613 | D:2      | Reached XP level 4. HP: 24/24 MP: 5/8
  3343 | D:3      | You fall through a shaft for 2 floors!
  3343 | D:5      | Entered Level 5 of the Dungeon
  3483 | D:5      | Reached skill level 5 in Conjurations
  3483 | D:5      | Reached XP level 5. HP: 28/28 MP: 5/13
  3590 | D:3      | Noticed Jessica
  3595 | D:3      | Killed Jessica
  3602 | D:3      | Learned a level 5 spell: Lightning Bolt
  3784 | D:4      | Noticed a phantom
  3805 | D:4      | Killed a phantom
  3805 | D:4      | Reached skill level 6 in Air Magic
  3805 | D:4      | Reached XP level 6. HP: 20/32 MP: 1/14
  3925 | D:4      | Found Qouxaohi's Food Shoppe.
  3961 | D:4      | Found Schagg's Gadget Shop.
  4282 | D:4      | Found a burning altar of Makhleb.
  4354 | D:4      | Found Grufuc's Weapon Boutique.
  4356 | D:4      | Found Teeha's Gadget Shop.
  4365 | D:4      | Noticed a phantom
  4397 | D:4      | Killed a phantom
  4397 | D:4      | Reached skill level 7 in Conjurations
  4397 | D:4      | Reached XP level 7. HP: 19/36 MP: 0/16
  4699 | D:4      | Found Fraiqux's Antique Weapon Boutique.
  4707 | D:4      | Bought a twisted trident for 221 gold pieces
  4711 | D:4      | Identified the cursed +2 trident "Zamavoda" {vamp, -Cast rPois MR- Str+5 Int+2} (You bought it in a shop on level 4 of the Dungeon)
  5522 | D:3      | Reached skill level 1 in Fighting
  5663 | D:4      | Reached skill level 1 in Short Blades
  5829 | D:5      | Found Maul's Armour Shop.
  5882 | D:5      | Found Thaomom's Jewellery Shoppe.
  5994 | D:5      | Found a staircase to the Ecumenical Temple.
  6014 | Temple   | Entered the Ecumenical Temple
  6252 | Temple   | Became a worshipper of Vehumet
  6417 | D:5      | Noticed Blork the orc
  6435 | D:5      | Killed Blork the orc
  6781 | D:5      | Noticed Menkaure
  6781 | D:5      | Noticed an ice beast
  6787 | D:5      | Killed Menkaure
  6787 | D:5      | Reached skill level 8 in Air Magic
  6787 | D:5      | Reached XP level 8. HP: 43/43 MP: 11/18
  6801 | D:5      | Killed an ice beast
  6801 | D:5      | Reached skill level 9 in Air Magic
  6918 | D:5      | Learned a level 3 spell: Static Discharge
  7566 | D:5      | Bought a +1 leather armour of poison resistance for 143 gold pieces
  8078 | D:6      | Acquired Vehumet's first power
  8078 | D:6      | Offered knowledge of Freeze by Vehumet.
  8845 | D:6      | Found a bloodstained altar of Trog.
  9192 | D:7      | Found a sand-covered staircase.
  9202 | Ossuary  | Entered an ossuary
  9275 | Ossuary  | Reached skill level 5 in Spellcasting
  9559 | Ossuary  | Reached XP level 9. HP: 47/47 MP: 14/22
  9648 | Ossuary  | Gained mutation: You are agile. (Dex +2) [potion of beneficial mutation]
 10027 | D:6      | Reached skill level 10 in Conjurations
 10292 | D:7      | Offered knowledge of Flame Tongue by Vehumet.
 10473 | D:7      | Noticed Edmund
 10487 | D:7      | Killed Edmund
 10498 | D:7      | Gained mutation: You are partially covered in large bone plates (AC +2, SH +2). [potion of beneficial mutation]
 10533 | D:7      | Found a white marble altar of Elyvilon.
 11416 | D:7      | Reached skill level 1 in Evocations
 11417 | D:7      | Offered knowledge of Dazzling Spray by Vehumet.
 11442 | D:7      | Learned a level 3 spell: Dazzling Spray
 11602 | D:7      | Reached skill level 1 in Hexes
 11807 | D:7      | Noticed Duvessa
 11827 | D:7      | Killed Duvessa
 11928 | D:7      | Noticed Dowan
 11932 | D:7      | Killed Dowan
 12063 | D:4      | Bought a dazzling dagger for 182 gold pieces
 12063 | D:4      | Identified the cursed +0 dagger of Tortfeasance {drain, rPois rF++ Str+3} (You bought it in a shop on level 4 of the Dungeon)
 12380 | D:8      | Reached skill level 10 in Air Magic
 12610 | D:8      | Reached XP level 10. HP: 52/52 MP: 21/27
 12759 | D:8      | Acquired Vehumet's second power
 13208 | D:8      | Reached skill level 5 in Dodging
 13988 | D:9      | Found a staircase to the Lair.
 14003 | D:9      | Noticed Joseph
 14160 | D:8      | Offered knowledge of Mephitic Cloud by Vehumet.
 14167 | D:8      | Learned a level 3 spell: Mephitic Cloud
 14477 | D:9      | Reached skill level 1 in Poison Magic
 14692 | D:9      | Found a staircase to the Orcish Mines.
 14862 | D:9      | Killed Joseph
 15008 | D:9      | Found a sparkling altar of Nemelex Xobeh.
 15011 | D:9      | Found a snail-covered altar of Cheibriados.
 15014 | D:9      | Found a deep blue altar of Sif Muna.
 15086 | D:9      | Found a sacrificial altar of Ru.
 15265 | D:9      | Found an opulent altar of Gozag.
 15605 | Lair:1   | Entered Level 1 of the Lair of Beasts
 16221 | Lair:1   | Acquired Vehumet's third power
 16251 | Lair:1   | Offered knowledge of Olgreb's Toxic Radiance by Vehumet.
 16251 | Lair:1   | Reached skill level 10 in Spellcasting
 16251 | Lair:1   | Reached XP level 11. HP: 52/61 MP: 23/30
 16440 | D:5      | Bought an uncursed ring of poison resistance for 260 gold pieces
 16880 | Lair:1   | Reached skill level 1 in Shields
 18017 | Lair:2   | Reached skill level 5 in Shields
 18319 | Lair:2   | Reached skill level 1 in Throwing
 18454 | Lair:2   | Noticed a four-headed hydra
 18791 | Lair:2   | Reached skill level 5 in Fighting
 19018 | Lair:2   | Noticed a six-headed hydra
 19022 | Lair:2   | Killed a six-headed hydra
 19410 | Lair:2   | Reached XP level 12. HP: 70/70 MP: 2/32
 19675 | Lair:2   | Killed a four-headed hydra
 19675 | Lair:2   | Reached skill level 11 in Spellcasting
 19938 | Lair:3   | Found a frozen archway.
 19956 | IceCv    | Entered an ice cave
 19974 | IceCv    | Offered knowledge of Freezing Cloud by Vehumet.
 19982 | IceCv    | Learned a level 6 spell: Freezing Cloud
 20138 | IceCv    | Reached skill level 1 in Ice Magic
 20836 | IceCv    | Reached skill level 12 in Spellcasting
 21417 | IceCv    | Noticed a death yak
 21447 | IceCv    | Killed a death yak
 21932 | IceCv    | Noticed a death yak
 21932 | IceCv    | Noticed a death yak
 22189 | IceCv    | Killed a death yak
 22189 | IceCv    | Reached skill level 5 in Ice Magic
 22277 | IceCv    | Killed a death yak
 22282 | IceCv    | Reached XP level 13. HP: 74/74 MP: 1/34
 22284 | IceCv    | Noticed a frost giant
 22602 | IceCv    | Killed a frost giant
 22823 | Lair:2   | Noticed a seven-headed hydra
 22827 | Lair:2   | Killed a seven-headed hydra
 23009 | Lair:2   | Reached skill level 13 in Conjurations
 24782 | Lair:4   | Found a hole to the Spider Nest.
 25759 | Lair:5   | Offered knowledge of Conjure Ball Lightning by Vehumet.
 27217 | Lair:5   | Reached XP level 14. HP: 74/82 MP: 2/36
 27967 | Lair:5   | Noticed Erica
 27976 | Lair:5   | Killed Erica
 27977 | Lair:5   | Found a staircase to the Swamp.
 29182 | Lair:6   | Reached skill level 10 in Dodging
 29193 | Lair:6   | Found a staircase to the Slime Pits.
 30512 | Lair:6   | Reached skill level 14 in Spellcasting
 31056 | Lair:6   | Found a staircase to the Snake Pit.
 31770 | Lair:7   | Noticed kae's ghost (powerful HOFi)
 32710 | Lair:7   | Learned a level 5 spell: Fireball
 32870 | Lair:7   | Found a runed door.
 33065 | Lair:7   | Killed kae's ghost
 33160 | Lair:7   | Reached skill level 1 in Long Blades
 33384 | Lair:7   | Got a translucent platinum ring
 33423 | Lair:7   | Offered knowledge of Lee's Rapid Deconstruction by Vehumet.
 33898 | Lair:7   | Identified the ring "Psumm" {rC+ Int+5 Dex-4 Stlth-} (You found it on level 7 of the Lair of Beasts)
 33939 | Lair:8   | Entered Level 8 of the Lair of Beasts
 34195 | Lair:8   | Reached skill level 5 in Long Blades
 34701 | Lair:8   | Reached XP level 15. HP: 88/88 MP: 10/37
 35419 | Lair:8   | Noticed Snorg
 35427 | Lair:8   | Killed Snorg
 37726 | Orc:1    | Entered Level 1 of the Orcish Mines
 37902 | D:5      | Bought an uncursed amulet of regeneration for 390 gold pieces
 38160 | Orc:1    | Offered knowledge of Orb of Destruction by Vehumet.
 38169 | Orc:1    | Learned a level 7 spell: Orb of Destruction
 38349 | Orc:1    | Found Pnaaliul's Distillery.
 38417 | Orc:1    | Bought a potion of magic for 112 gold pieces
 38555 | Orc:1    | Found a white marble altar of Elyvilon.
 38974 | Orc:2    | Noticed Nergalle
 38978 | Orc:2    | Killed Nergalle
 40817 | Orc:4    | Entered Level 4 of the Orcish Mines
 40888 | Orc:4    | Noticed Josephine
 41192 | Orc:4    | Killed Josephine
 41367 | Orc:4    | Found Skioq's Antique Armour Emporium.
 41375 | Orc:4    | Offered knowledge of Poisonous Cloud by Vehumet.
 41429 | Orc:4    | Found a staircase to the Elven Halls.
 42240 | Orc:4    | Reached skill level 10 in Fighting
 42294 | Orc:4    | Found Schusasa's General Store.
 42301 | Orc:4    | Found Edal's Weapon Boutique.
 42306 | Orc:4    | Found Ufregiod's Distillery.
 42583 | Orc:4    | Bought a glowing hat for 112 gold pieces
 42583 | Orc:4    | Bought a pair of embroidered gloves for 126 gold pieces
 42583 | Orc:4    | Bought a jewelled leather armour for 196 gold pieces
 42603 | Orc:4    | Identified the cursed +0 leather armour "Ugaqaun" {+Blink MP+9} (You bought it in a shop on level 4 of the Orcish Mines)
 42630 | Orc:4    | Bought the +4 blowgun "Concordance" {speed, MR++} for 729 gold pieces
 42636 | Orc:4    | Bought a potion of magic for 80 gold pieces
 42636 | Orc:4    | Bought a potion of heal wounds for 50 gold pieces
 42636 | Orc:4    | Bought a potion of curing for 30 gold pieces
 42636 | Orc:4    | Bought a potion of curing for 30 gold pieces
 42636 | Orc:4    | Bought a potion of haste for 100 gold pieces
 42636 | Orc:4    | Bought a potion of heal wounds for 50 gold pieces
 42636 | Orc:4    | Bought a potion of heal wounds for 50 gold pieces
 42636 | Orc:4    | Bought a potion of curing for 30 gold pieces
 42682 | Orc:1    | Bought a potion of curing for 42 gold pieces
 42899 | D:4      | Bought 11 poisoned needles for 44 gold pieces
 43159 | Lair:2   | Noticed Yhiown the pandemonium lord
 43164 | Lair:2   | Your ally Yhiown died
 43198 | D:10     | Entered Level 10 of the Dungeon
 43549 | D:10     | Got a pitted flail
 43550 | D:10     | Identified the +8 flail of the Grey Skies {antimagic, rC+ rN++} (You found it on level 10 of the Dungeon)
 43772 | D:10     | Reached XP level 16. HP: 97/97 MP: 31/38
 44685 | D:11     | Noticed Urug
 44693 | D:11     | Killed Urug
 44693 | D:11     | Reached skill level 5 in Short Blades
 45001 | D:11     | Noticed Erolcha
 45002 | D:11     | Paralysed by Erolcha for 7 turns
 45006 | D:11     | Killed Erolcha
 45271 | D:11     | Offered knowledge of Delayed Fireball by Vehumet.
 45280 | D:11     | Learned a level 7 spell: Delayed Fireball
 45489 | D:12     | Noticed poirepourri's ghost (experienced DDFi)
 46000 | D:12     | Killed poirepourri's ghost
 49026 | D:14     | Found a gate to the Vaults.
 49417 | D:15     | Entered Level 15 of the Dungeon
 49417 | D:15     | Noticed Frances
 49425 | D:14     | Offered knowledge of Bolt of Cold by Vehumet.
 49436 | D:14     | Learned a level 6 spell: Bolt of Cold
 49518 | D:15     | Noticed Vojta's ghost (powerful FoEE)
 49524 | D:15     | Killed Vojta's ghost
 49533 | D:15     | Found a labyrinth entrance.
 49574 | Lab      | Entered a labyrinth
 50160 | Lab      | Reached skill level 10 in Short Blades
 50890 | D:15     | Killed Frances
 51156 | D:15     | Found a staircase to the Depths.
 52259 | D:15     | Reached skill level 10 in Ice Magic
 53145 | Swamp:1  | Entered Level 1 of the Swamp
 53370 | Swamp:1  | Noticed Donald
 53393 | Swamp:1  | Killed Donald
 53550 | Swamp:1  | Reached XP level 17. HP: 102/102 MP: 13/38
 53848 | Swamp:1  | Found a basalt altar of Yredelemnul.
 54596 | Swamp:2  | Offered knowledge of Fire Storm by Vehumet.
 54596 | Swamp:2  | Offered knowledge of Glaciate by Vehumet.
 54596 | Swamp:2  | Offered knowledge of Chain Lightning by Vehumet.
 55413 | Swamp:3  | Reached skill level 5 in Evocations
 57006 | Swamp:4  | Reached skill level 15 in Conjurations
 57993 | Swamp:5  | Entered Level 5 of the Swamp
 58786 | Swamp:5  | Reached skill level 10 in Long Blades
 59353 | Swamp:5  | Noticed Saint Roka
 59380 | Swamp:5  | Killed Saint Roka
 60161 | Swamp:5  | Got a decaying rune of Zot
 60580 | Snake:1  | Entered Level 1 of the Snake Pit
 60593 | Snake:1  | Noticed Azrael
 60598 | Snake:1  | Killed Azrael
 60616 | Snake:1  | Reached XP level 18. HP: 103/107 MP: 37/39
 60892 | Snake:1  | Noticed Aizul
 60909 | Snake:1  | Killed Aizul
 61276 | Snake:1  | Noticed Roxanne
 61654 | Snake:1  | Noticed Nikola
 61659 | Snake:1  | Killed from afar by Nikola

Action                   |  1- 3 |  4- 6 |  7- 9 | 10-12 | 13-15 | 16-18 || total
-------------------------+-------+-------+-------+-------+-------+-------++-------
Melee: Mace              |       |     2 |       |       |       |       ||     2
       Whip              |       |     1 |       |       |       |       ||     1
       Morningstar       |       |     6 |    23 |    63 |   155 |       ||   247
       Cutlass           |       |       |    11 |       |   600 |  1000 ||  1611
       Dagger            |       |       |       |       |       |   211 ||   211
       Staff             |       |       |       |       |       |    14 ||    14
 Fire: Hunting sling     |       |     2 |       |       |       |       ||     2
Throw: Throwing net      |     1 |       |       |     3 |       |       ||     4
       Stone             |       |       |       |     1 |       |       ||     1
       Tomahawk          |       |       |       |     3 |   102 |       ||   105
       Javelin           |       |       |       |       |       |    13 ||    13
 Cast: Shock             |    89 |   135 |   477 |   515 |    36 |       ||  1252
       Repel Missiles    |     1 |     1 |     1 |     1 |       |     2 ||     6
       Lightning Bolt    |       |       |     8 |    70 |    41 |    13 ||   132
       Mephitic Cloud    |       |       |       |    27 |     2 |       ||    29
       Dazzling Spray    |       |       |       |   131 |   607 |    50 ||   788
       Freezing Cloud    |       |       |       |       |   194 |   152 ||   346
       Fireball          |       |       |       |       |    15 |    63 ||    78
       Orb of Destructio |       |       |       |       |    18 |    65 ||    83
       Bolt of Cold      |       |       |       |       |       |    26 ||    26
 Abil: Fly               |       |       |    15 |    24 |    15 |     1 ||    55
Evoke: Wand              |       |       |       |     5 |     1 |     4 ||    10
       Deck              |       |       |       |       |     1 |       ||     1
  Use: Scroll            |     6 |     4 |    17 |     9 |    15 |     8 ||    59
       Potion            |     2 |     7 |     4 |     1 |       |       ||    14
 Stab: Invisible         |       |       |       |     7 |    21 |     1 ||    29
       Confused          |       |       |       |     1 |       |       ||     1
       Fleeing           |       |       |       |       |     1 |       ||     1
       Sleeping          |       |       |       |       |     1 |     2 ||     3
       Distracted        |       |       |       |       |       |     1 ||     1
  Eat: Chunk             |     7 |     7 |    14 |    38 |   115 |    70 ||   251
       Bread ration      |       |       |     3 |       |       |     3 ||     6
       Beef jerky        |       |       |     1 |     5 |     1 |     8 ||    15
       Fruit             |       |       |     1 |       |    19 |       ||    20
       Meat ration       |       |       |     1 |       |       |       ||     1
       Pizza             |       |       |     1 |       |       |     2 ||     3
       Royal jelly       |       |       |       |       |       |     2 ||     2
